AoeStats
← joeyvankoningsbruggen

Oasis

509217632Analyzed
4v4 RM · 7d ago on Sep 25, 2026· 32m 19s· 8 players
Game mode
Random Map
Map size
Large (8 player)
Population
200
Speed
Normal
Resources
Standard
Victory
Conquest
Starting age
Dark Age
Ending age
Imperial Age
RankedLock teamsTeams togetherTeam positionsShared explorationLock speedFull tech treeHidden civsTurbo modeCheats
Victory
Defeat
🇺🇸 Shu · United States
1216
+14
🇦🇷 Mongols · Argentina
1174
+16
🇦🇷 Huns · Argentina
1169
+16
🇺🇸 Burgundians · United States
1139
+16
🇲🇹 Romans · Malta
1201
-17
🇨🇳 Danes · China
1186
-16
🇹🇼 Maya · Taiwan
1144
-15
🇧🇪 Lithuanians · Belgium
1134
-14
小汽車
0:27 Loom
10:45 Feudal Age
14:22 Fletching
18:44 Padded Archer Armor
28:58 Castle Age
Zayo Marley
9:59 Feudal Age
12:11 Double-Bit Axe
17:30 Castle Age
16:44 Forging
27:59 Husbandry
28:03 Horse Collar
31:13 Scale Barding Armor
joeyvankoningsbruggen
4:07 Loom
9:35 Feudal Age
11:00 Loom
26:05 Wheelbarrow
ZHurald ZHurdrada
11:10 Feudal Age
11:53 Double-Bit Axe
11:50 Horse Collar
11:54 Man-at-Arms
12:20 Arson
18:03 Loom
20:34 Castle Age
20:23 Gold Mining
21:52 Scale Mail Armor
22:02 Forging
22:09 Squires
22:56 Gold Shaft Mining
22:22 Heavy Plow
22:36 Bow Saw
22:21 Gambesons
22:56 Chain Mail Armor
27:06 Wheelbarrow
30:02 Hand Cart
31:36 Hamask
33:29 Iron Casting
Party Cannon
6:21 Loom
8:52 Feudal Age
14:14 Fletching
21:03 Wheelbarrow
24:25 Castle Age
23:04 Wheelbarrow
23:08 Double-Bit Axe
24:45 Gold Mining
24:31 Crossbowman
25:07 Bodkin Arrow
26:04 Bow Saw
27:43 Thumb Ring
29:10 Padded Archer Armor
30:53 Ballistics
32:41 Hand Cart
frame mogging the moids
11:38 Feudal Age
16:03 Castle Age
15:17 Scale Barding Armor
15:24 Forging
15:08 Horse Collar
16:11 Cavalier
30:02 Horse Collar
30:11 Double-Bit Axe
DiegoArmando
3:56 Loom
8:56 Feudal Age
9:39 Double-Bit Axe
13:09 Fletching
13:47 Town Watch
20:24 Wheelbarrow
24:44 Castle Age
24:50 Crossbowman
25:36 Bodkin Arrow
25:45 Padded Archer Armor
25:57 Bow Saw
30:14 Leather Archer Armor
30:33 Ballistics
Vagatela
3:04 Loom
9:57 Feudal Age
10:19 Horse Collar
10:25 Double-Bit Axe
12:13 Wheelbarrow
14:14 Scale Barding Armor
19:03 Forging
20:38 Bloodlines
23:56 Castle Age
22:37 Stone Mining
22:39 Gold Mining
25:50 Bow Saw
26:33 Heavy Plow
27:22 Chain Barding Armor
27:37 Iron Casting
27:17 Light Cavalry
27:58 Husbandry
29:27 Husbandry
31:34 Gold Shaft Mining
Connection lost

Rejoining the realm…

Still unreachable

The connection could not be restored.

Session expired

The server has moved on; the page needs a fresh start.